 Dungeon Crawl Stone Soup version 0.17.1-2-g5865329 (webtiles) character file.

392629 abixa the Executioner (level 23, -3/217 HPs)
             Began as a Hill Orc Gladiator on Jan 12, 2016.
             Was the Champion of Okawaru.
             Shot with an arrow by a deep elf master archer (4 damage)
             ... on level 3 of the Elven Halls.
             The game lasted 03:29:28 (52555 turns).

abixa the Executioner (Hill Orc Gladiator)         Turns: 52555, Time: 03:29:28

Health: -3/217     AC: 41    Str: 21    XL:     23   Next: 13%
Magic:  0/37       EV: 16    Int:  8    God:    Okawaru [******]
Gold:   1618       SH:  0    Dex: 21    Spells: 1 memorised, 19 levels left

rFire  + . .     SeeInvis .     T - +7 battleaxe of Omiapec {chop, MR++}
rCold  + . .     Clarity  .     M - +10 storm dragon armour
rNeg   . . .     SustAt   .     (shield currently unavailable)
rPois  .         Gourm    .     v - +2 helmet {rF+}
rElec  +         Spirit   +     L - +1 cloak
rCorr  .         Warding  .     C - +2 pair of gloves {Dex+3}
rMut   .         Stasis   .     m - +1 pair of boots {Fly}
MR     ++++.                    B - amulet of guardian spirit
Stlth  ..........               h - ring of protection from magic
                                Q - ring of protection from cold

@: flying, drained, incredibly resistant to hostile enchantments, extremely
unstealthy
A: spit poison 1
a: Spit Poison, Heroism, Finesse, Renounce Religion, Stop Flying
}: 2/15 runes: barnacled, gossamer


You were on level 3 of the Elven Halls.
You worshipped Okawaru.
Okawaru was exalted by your worship.
You were not hungry.

You visited 7 branches of the dungeon, and saw 42 of its levels.
You visited the Abyss 1 time.
You also visited: Labyrinth, Ossuary and Volcano.

You collected 4903 gold pieces.
You spent 3285 gold pieces at shops.

Inventory:

Hand Weapons
 a - a +9 executioner's axe of flaming
 I - a +4 blowgun
 T - the +7 battleaxe of Omiapec (weapon) {chop, MR++}
   (Okawaru gifted it to you on level 1 of the Abyss)

   It inflicts extra damage upon your enemies.
   It affects your resistance to hostile enchantments.
Missiles
 c - 15 curare-tipped needles
 d - 11 throwing nets
 g - 4 javelins of returning
 s - 8 javelins of penetration
 G - 6 needles of confusion
 H - 72 javelins (quivered)
 U - 22 poisoned javelins
Armour
 m - a +1 pair of boots of flying (worn)
 v - a +2 helmet of fire resistance (worn)
 C - a +2 pair of gloves of dexterity (worn)
 L - a +1 cloak (worn)
 M - a +10 storm dragon armour (worn)
Rods
 b - a +4 rod of clouds (7/12)
   (You found it on level 3 of the Orcish Mines)
Jewellery
 h - a ring of protection from magic (right hand)
 n - an uncursed ring of teleportation
 B - an amulet of guardian spirit (around neck)
 D - an uncursed ring of see invisible
 P - an uncursed ring of protection from fire
 Q - a ring of protection from cold (left hand)
Wands
 A - a wand of digging (8)
 F - a wand of lightning (8)
 S - a wand of polymorph (4)
Scrolls
 e - a scroll of recharging
 o - 9 scrolls of blinking
 q - 14 scrolls of magic mapping
 t - 15 scrolls of remove curse
 w - 14 scrolls of identify
 y - 6 scrolls of fear
 E - 15 scrolls of teleportation
 K - 6 scrolls of fog
 N - a scroll of enchant armour
 O - a scroll of enchant weapon
Potions
 j - a potion of heal wounds
 k - 6 potions of haste
 p - 16 potions of curing
 u - 5 potions of cancellation
 z - a potion of brilliance
Miscellaneous
 f - a disc of storms
 x - a fan of gales
Comestibles
 i - 5 beef jerkies
 l - a meat ration
 r - 2 bread rations
 J - a royal jelly
 R - 3 chunks of flesh


   Skills:
 - Level 20.4(19.8) Fighting
 - Level 23.0(22.5) Axes
 - Level 5.0(4.6) Throwing
 - Level 18.7(18.2) Armour
 - Level 10.1(9.7) Dodging
 - Level 9.0(8.6) Invocations
 + Level 20.6(20.0) Evocations


You had 19 spell levels left.
You knew the following spells:

 Your Spells              Type           Power        Failure   Level  Hunger
a - Regeneration          Chrm/Necr      #.........   100%        3    ####...


Dungeon Overview and Level Annotations

Branches:
Dungeon (15/15)            Temple (0/1) D:4            Lair (8/8) D:11
 Shoals (4/4) Lair:3       Spider (4/4) Lair:4        Slime (0/6) Lair:8
    Orc (4/4) D:11            Elf (3/3) Orc:4        Vaults (4/5) D:13
  Crypt (0/3) Vaults:2     Depths (0/5) D:15

Altars:
Ashenzari
Cheibriados
Dithmenos
Elyvilon
Kikubaaqudgha
Makhleb
Nemelex Xobeh
Okawaru
Qazlal
Ru
Vehumet
Xom
Zin
The Shining One
Beogh

Shops:
D:13 *(   D:14 ?   Orc:2 [**?!   Orc:4 =%[(   Shoals:1 [   Shoals:3 ?
Shoals:4 [   Vaults:1 *

Portals:
Trove: Elf:1 (give 13 potions of heal wounds)

Annotations:
Shoals:4 1 runed door
Vaults:4 Margery


Innate Abilities, Weirdness & Mutations

You can spit weak poison.


Message History

The deep elf annihilator hits you but does no damage.
The deep elf master archer shoots an arrow.
The arrow hits you but does no damage.
Items here: ( ))) [[ You hit the deep elf annihilator.
The deep elf annihilator is lightly wounded.
You slash the deep elf annihilator!
The deep elf annihilator is heavily wounded.
You closely miss the deep elf master archer.
The deep elf master archer is heavily wounded.
The deep elf master archer shoots an arrow.
The arrow completely misses you.
The arrow closely misses the deep elf annihilator.
The deep elf annihilator points at you and mumbles some strange words.
The crystal spear hits you!
* * * LOW HITPOINT WARNING * * *
The deep elf annihilator hits you but does no damage.
The deep elf master archer shoots an arrow.
The arrow hits you.
You die... e13

#)# #.# #)# #)# #(# #e# #e#
#################@#################
......#......#..)ee.#..............
......+......#.)....'..............
......#......'(..(..#..............
#####'##'#######+####'############'
...................................
...................................
###################################
≈≈≈≈≈≈≈≈≈≈≈≈≈≈≈≈≈≈≈≈≈≈≈≈≈≈≈≈≈≈≈≈≈≈≈


You could see a deep elf master archer, 2 deep elf annihilators and a deep elf
demonologist.

Vanquished Creatures
  An ancient lich (Abyss:1)
  Saint Roka (Vaults:4)
  Nikola (Spider:4)
  Jory (Vaults:2)
  5 bone dragons (Abyss:1)
  Jorgrun (Vaults:3)
  A lich (Vaults:2)
  2 tentacled monstrosities (Abyss:1)
  Asterion (Spider:1)
  3 deep elf blademasters
  3 deep elf master archers (Elf:3)
  2 sphinxes
  4 tentacled starspawn (Abyss:1)
  Agnes (D:14)
  A tengu reaver (D:12)
  A kraken (Shoals:4)
  Ilsuiw (Shoals:4)
  2 frost giants
  Maud (D:11)
  3 deep elf sorcerers
  3 ghost moths (Spider:4)
  5 vault wardens
  7 emperor scorpions
  An angel (Abyss:1)
  2 orc warlords
  A war gargoyle (Vaults:4)
  2 very ugly things (Abyss:1)
  3 stone giants
  A deep elf demonologist (Vaults:2)
  6 ironheart preservers
  5 deep elf annihilators
  A red draconian (Abyss:1)
  A lorocyproca (Abyss:1)
  A salamander stormcaller (Vaults:2)
  A white draconian (Abyss:1)
  A green death (Abyss:1)
  2 deep elf death magi
  6 merfolk javelineers
  A minotaur (Lab)
  A jiangshi (Abyss:1)
  2 rakshasas
  5 vault guards
  6 merfolk impalers
  6 ogre magi
  3 fire dragons
  5 yaktaur captains
  A deep elf high priest (Elf:3)
  8 hydras
  2 great orbs of eyes
  3 merfolk avatars
  A catoblepas (Lair:8)
  10 centaur warriors
  A queen ant (Lair:7)
  An alligator snapping turtle (Shoals:4)
  18 dancing weapons
  4 merfolk aquamancers
  5 death yaks
  2 satyrs (Shoals:4)
  2 deep troll shamans (Vaults:3)
  An orc high priest (Orc:4)
  2 tengu warriors (D:13)
  4 thrashing horrors (Abyss:1)
  2 wizards
  Sonja (D:10)
  2 wretched stars (Abyss:1)
  13 deep elf knights
  10 deep trolls
  An ice devil (Abyss:1)
  An unseen horror (shapeshifter) (Vaults:1)
  14 skeletal warriors
  2 spatial maelstroms (Abyss:1)
  4 unseen horrors
  2 fire crabs
  17 orc knights
  3 flayed ghosts
  15 sea snakes
  2 deep elf summoners
  11 hill giants
  An anaconda skeleton (Abyss:1)
  2 giant orange brains (Abyss:1)
  A lindwurm (Lair:7)
  16 orb spiders
  A mana viper (shapeshifter) (Vaults:1)
  8 ironbrand convokers
  44 wolf spiders
  20 harpies
  34 ugly things
  11 hornets
  4 necromancers
  13 deep elf conjurers
  A moth of wrath (Spider:3)
  5 water nymphs
  11 fauns
  6 elephants (Lair:2)
  An oklob plant (Lair:8)
  A sixfirhy (Abyss:1)
  8 cyclopes
  17 manticores
  A hornet (shapeshifter) (Vaults:1)
  3 orc sorcerers
  20 griffons
  A salamander (shapeshifter) (Vaults:2)
  9 sirens
  5 worldbinders (Abyss:1)
  An apocalypse crab (Abyss:1)
  A guardian serpent (Abyss:1)
  A fire giant skeleton (Abyss:1)
  A black mamba (shapeshifter) (Vaults:2)
  An eye of devastation (Abyss:1)
  7 smoke demons (Abyss:1)
  4 centaur zombies
  A toenail golem (Volcano)
  3 gargoyles
  The ghost of Charly the Covert, a novice SpCK of Xom (D:10)
  8 black mambas
  13 vault sentinels
  A naga mage (Abyss:1)
  A torpor snail (shapeshifter) (Abyss:1)
  3 molten gargoyles (Volcano)
  An orange demon (Abyss:1)
  8 ancient zymes (Abyss:1)
  8 kobold demonologists
  11 komodo dragons
  A hellion (Abyss:1)
  10 demonic crawlers
  A komodo dragon (shapeshifter) (D:11)
  13 spiny frogs
  5 fire drakes
  A queen bee (D:15)
  2 hellwings (Abyss:1)
  13 deep elf priests
  7 freezing wraiths
  15 two-headed ogres
  13 yaktaurs
  12 trolls
  25 merfolk
  A tormentor (Abyss:1)
  A polar bear (shapeshifter) (Elf:3)
  4 wind drakes
  4 tengu conjurers
  10 polar bears
  22 large abominations
  A wolf spider simulacrum (Vaults:1)
  25 jumping spiders
  3 blink frogs (Lair:3)
  Prince Ribbit (D:5)
  A giant leech (Shoals:4)
  2 efreet
  2 trolls (shapeshifter)
  21 raiju
  20 slime creatures
  11 snapping turtles
  4 boulder beetles
  8 ynoxinuls (Abyss:1)
  A stone giant simulacrum (Abyss:1)
  16 deep elf magi
  A trapdoor spider zombie (D:12)
  11 water elementals
  17 flying skulls (Abyss:1)
  10 trapdoor spiders
  3 wraiths
  3 shadows
  A fire bat (Volcano)
  A spriggan (D:7)
  35 redbacks
  30 tarantellas
  18 hippogriffs
  8 wyverns
  86 yaks
  18 basilisks
  11 hungry ghosts
  2 fire elementals (Volcano)
  A golden eye (Abyss:1)
  14 wolves (Lair:8)
  5 chaos spawn (Abyss:1)
  A naga (Abyss:1)
  20 soldier ants
  A neqoxec (Abyss:1)
  30 deep elf fighters
  4 steam dragons (Lair:8)
  14 swamp worms (Lair:6)
  22 vampire mosquitoes
  2 insubstantial wisps (Abyss:1)
  5 mottled dragons
  16 water moccasins
  15 wargs
  3 hell hounds
  14 black bears
  14 porcupines
  2 swamp drakes (Lair:8)
  5 phantoms
  12 spiders
  3 boggarts (Vaults:1)
  5 wasps
  4 ice beasts
  51 ogres
  3 eyes of draining
  2 snapping turtle zombies (Abyss:1)
  50 orc warriors
  9 sky beasts
  17 crocodiles
  34 centaurs
  A necrophage (D:15)
  17 small abominations (Abyss:1)
  7 big kobolds
  3 elf zombies
  19 giant frogs
  An earth elemental (Abyss:1)
  A water moccasin zombie (Ossuary)
  6 scorpions
  The ghost of Charly the Chopper, a weakling DDGl (D:6)
  A troll zombie (D:15)
  10 wights
  29 killer bees
  3 electric eels
  8 crimson imps
  An orc simulacrum (Vaults:1)
  A troll skeleton (D:15)
  8 bog bodies (Ossuary)
  12 starcursed masses (Abyss:1)
  2 human zombies (D:15)
  4 jellies
  2 lava snakes (Volcano)
  7 quasits
  Crazy Yiuf (D:7)
  6 centaur skeletons
  29 worker ants
  3 giant frog skeletons
  5 giant frog zombies (Ossuary)
  3 iron imps (Abyss:1)
  32 orc priests
  2 hell rats (Lair:1)
  15 iguanas
  16 hounds
  32 orc wizards
  A killer bee zombie (Ossuary)
  9 sheep
  3 hound zombies
  A hound skeleton (D:4)
  10 mummies
  3 worker ant zombies (Ossuary)
  21 adders
  66 river rats
  6 gnolls
  6 shadow imps
  A white imp (D:10)
  6 ufetubi (Abyss:1)
  2 oozes (D:3)
  2 adder zombies
  8 worms
  A giant gecko (D:1)
  200 orcs
  2 ball pythons
  8 bats
  8 giant cockroaches
  8 hobgoblins
  21 jackals
  25 kobolds
  7 quokkas
  A giant gecko zombie (Ossuary)
  8 giant newts
  9 goblins
  A jackal zombie (Ossuary)
  An orc zombie (D:15)
  A quokka skeleton (D:4)
  A quokka zombie (Ossuary)
  16 rats
  A fire vortex (Vaults:2)
  2 fungi
  A lurking horror (Abyss:1)
  20 plants
  8 starspawn tentacles (Abyss:1)
  A tentacle (Shoals:4)
2291 creatures vanquished.

Vanquished Creatures (collateral kills)
  A lich (Abyss:1)
  A thrashing horror (Abyss:1)
  A large abomination (Abyss:1)
  A small abomination (Abyss:1)
4 creatures vanquished.

Vanquished Creatures (others)
  An emperor scorpion (Spider:4)
  An orb spider (Spider:4)
  A demonic crawler (Spider:4)
  A fire drake (Lair:8)
  A deep elf priest (Elf:2)
  A flying skull (Vaults:4)
  A shock serpent simulacrum (Abyss:1)
  3 small abominations (Abyss:1)
  2 river rats (Lair:7)
  An ufetubus (Abyss:1)
  An orc (Orc:3)
  A kobold zombie (Abyss:1)
  A bush (D:11)
  A fire vortex (Vaults:2)
  17 fungi
  3 lurking horrors (Abyss:1)
  20 plants
  6 starspawn tentacles (Abyss:1)
  38 starspawn tentacle segments (Abyss:1)
  8 tentacles (Shoals:4)
  65 tentacle segments (Shoals:4)
174 creatures vanquished.

Grand Total: 2469 creatures vanquished

Notes
Turn   | Place    | Note
--------------------------------------------------------------
     0 | D:1      | abixa the Hill Orc Gladiator began the quest for the Orb.
     0 | D:1      | Reached XP level 1. HP: 18/18 MP: 1/1
   377 | D:1      | Reached XP level 2. HP: 25/25 MP: 2/2
   487 | D:1      | Reached skill level 5 in Axes
   747 | D:1      | Reached XP level 3. HP: 28/30 MP: 3/3
  1007 | D:2      | Reached skill level 6 in Axes
  1047 | D:2      | Reached XP level 4. HP: 34/37 MP: 4/4
  1525 | D:2      | Reached skill level 7 in Axes
  1543 | D:2      | Found a sacrificial altar of Ru.
  1565 | D:2      | Found an iron altar of Okawaru.
  1573 | D:2      | Became a worshipper of Warmaster Okawaru
  1578 | D:2      | Found a sparkling altar of Nemelex Xobeh.
  1815 | D:3      | Reached XP level 5. HP: 44/44 MP: 5/5
  1853 | D:3      | Reached skill level 1 in Armour
  2490 | D:4      | Found a shadowy altar of Dithmenos.
  2541 | D:4      | Reached XP level 6. HP: 19/51 MP: 6/6
  2544 | D:4      | Noticed a phantom
  2697 | D:4      | Killed a phantom
  2697 | D:4      | Reached skill level 8 in Axes
  2802 | D:4      | Found a radiant altar of Vehumet.
  2803 | D:4      | Found a glowing golden altar of the Shining One.
  2803 | D:4      | Found a burning altar of Makhleb.
  2808 | D:4      | Found a stormy altar of Qazlal.
  2808 | D:4      | Found a glowing silver altar of Zin.
  2828 | D:4      | Found a shattered altar of Ashenzari.
  2829 | D:4      | Found a white marble altar of Elyvilon.
  2905 | D:4      | Noticed an ogre
  2946 | D:4      | Killed an ogre
  2946 | D:4      | Reached * piety under Okawaru
  2946 | D:4      | Reached XP level 7. HP: 39/58 MP: 5/7
  2992 | D:4      | Found a staircase to the Ecumenical Temple.
  3606 | D:5      | Entered Level 5 of the Dungeon
  3714 | D:5      | Reached skill level 9 in Axes
  4007 | D:5      | Reached ** piety under Okawaru
  4007 | D:5      | Reached skill level 5 in Armour
  4007 | D:5      | Reached XP level 8. HP: 60/66 MP: 6/8
  4067 | D:5      | Got an ichor-stained war axe
  4120 | D:5      | Noticed Prince Ribbit
  4138 | D:5      | Identified the cursed +3 war axe of the Hidden Suns {vamp, +Blink rPois rF+ MR-} (You found it on level 5 of the Dungeon)
  4166 | D:5      | Killed Prince Ribbit
  4166 | D:5      | Reached skill level 1 in Invocations
  4421 | D:6      | Reached skill level 10 in Axes
  4599 | D:6      | Noticed Charly's ghost (weakling DDGl)
  4608 | D:6      | Killed Charly's ghost
  4608 | D:6      | Reached skill level 5 in Fighting
  4742 | D:6      | Reached *** piety under Okawaru
  4848 | D:6      | Reached skill level 11 in Axes
  4848 | D:6      | Reached XP level 9. HP: 74/74 MP: 10/10
  5440 | D:7      | Received a gift from Okawaru
  5551 | D:7      | Found a sand-covered staircase.
  5569 | Ossuary  | Entered an ossuary
  5598 | Ossuary  | Reached skill level 12 in Axes
  5715 | Ossuary  | Reached **** piety under Okawaru
  6564 | D:7      | Reached skill level 13 in Axes
  6565 | D:7      | Noticed Crazy Yiuf
  6570 | D:7      | Killed Crazy Yiuf
  6570 | D:7      | Reached XP level 10. HP: 86/86 MP: 11/11
  6740 | D:8      | Found a snail-covered altar of Cheibriados.
  6908 | D:8      | Found an iron altar of Okawaru.
  6983 | D:8      | Reached ***** piety under Okawaru
  7112 | D:9      | Received a gift from Okawaru
  7169 | D:9      | Reached skill level 14 in Axes
  7658 | D:9      | Reached skill level 15 in Axes
  7658 | D:9      | Reached XP level 11. HP: 57/97 MP: 6/12
  7776 | D:10     | Entered Level 10 of the Dungeon
  7932 | D:10     | Noticed Charly's ghost (novice SpCK)
  7969 | D:10     | Killed Charly's ghost
  7997 | D:10     | Identified 2 scrolls of acquirement
  8168 | D:10     | Noticed Sonja
  8338 | D:10     | Killed Sonja
  8403 | D:10     | Noticed a hill giant
  8481 | D:10     | Reached skill level 10 in Fighting
  8601 | D:11     | Noticed a hill giant
  8617 | D:11     | Killed a hill giant
  8636 | D:11     | Found a staircase to the Orcish Mines.
  8646 | D:11     | Noticed Maud
  9039 | D:11     | Received a gift from Okawaru
  9039 | D:11     | Reached skill level 16 in Axes
  9039 | D:11     | Reached skill level 10 in Armour
  9212 | D:11     | Received a gift from Okawaru
  9312 | D:11     | Reached XP level 12. HP: 106/108 MP: 15/15
  9314 | D:11     | Reached skill level 5 in Invocations
  9346 | D:11     | Found a staircase to the Lair.
  9378 | Lair:1   | Entered Level 1 of the Lair of Beasts
  9392 | Lair:1   | Received a gift from Okawaru
  9844 | D:11     | Killed Maud
  9844 | D:11     | Reached ****** piety under Okawaru
 10065 | D:11     | Received a gift from Okawaru
 10544 | Lair:2   | Found a dark tunnel.
 10557 | Volcano  | Entered a volcano
 10650 | Volcano  | Found a radiant altar of Vehumet.
 11067 | Lair:2   | Received a gift from Okawaru
 11068 | Lair:2   | Got a dazzling hat {god gift}
 11071 | Lair:2   | Identified the -5 hat of Okawaru's Anger {+Inv} (Okawaru gifted it to you on level 2 of the Lair of Beasts)
 11143 | Lair:2   | Reached XP level 13. HP: 119/119 MP: 17/19
 11826 | Lair:3   | Found a staircase to the Shoals.
 11861 | Lair:3   | Received a gift from Okawaru
 12383 | Lair:4   | Found a glowing silver altar of Zin.
 12480 | Lair:4   | Found a labyrinth entrance.
 12507 | Lab      | Entered a labyrinth
 12914 | Lab      | Noticed a minotaur
 12933 | Lab      | Killed a minotaur
 12933 | Lab      | Received a gift from Okawaru
 13293 | Lair:4   | Found a hole to the Spider Nest.
 13565 | Lair:4   | Reached skill level 15 in Fighting
 13752 | Lair:5   | Reached XP level 14. HP: 100/135 MP: 11/20
 14267 | Lair:5   | Got a translucent leather armour
 15189 | Lair:6   | Reached skill level 15 in Armour
 15288 | Lair:6   | Received a gift from Okawaru
 15299 | Lair:6   | Reached skill level 1 in Evocations
 15300 | Lair:6   | Got a pair of encrusted boots {god gift}
 15312 | Lair:6   | Identified the +0 pair of boots of Death's Door {rC+ Int+6} (Okawaru gifted it to you on level 6 of the Lair of Beasts)
 15825 | Orc:1    | Entered Level 1 of the Orcish Mines
 15977 | Orc:2    | Found Seratt's Distillery.
 16108 | Orc:2    | Found Qutoppoxt's General Store.
 16569 | Orc:2    | Found Myxuebbe's Assorted Antiques.
 16612 | Orc:2    | Bought a bubbling pink potion for 27 gold pieces
 16612 | Orc:2    | Bought a black potion for 27 gold pieces
 16612 | Orc:2    | Bought a lumpy puce potion for 27 gold pieces
 16614 | Orc:2    | Found Antuenen's Armour Shop.
 16660 | Orc:2    | Found a roughly hewn altar of Beogh.
 16760 | Orc:2    | Found Ilogylee's Magic Scroll Shoppe.
 16768 | Orc:2    | Bought a scroll of identify for 30 gold pieces
 16768 | Orc:2    | Bought a scroll of identify for 30 gold pieces
 16768 | Orc:2    | Bought a scroll of identify for 30 gold pieces
 16768 | Orc:2    | Bought a scroll of identify for 30 gold pieces
 16768 | Orc:2    | Bought a scroll of recharging for 142 gold pieces
 16981 | Orc:3    | Noticed an orc warlord
 16983 | Orc:3    | Noticed an orc warlord
 17026 | Orc:4    | Entered Level 4 of the Orcish Mines
 17026 | Orc:4    | Found a staircase to the Elven Halls.
 17563 | Orc:2    | Killed an orc warlord
 17741 | Orc:4    | Found Usaathra's Antique Armour Shop.
 17742 | Orc:4    | Found Mirreise's Jewellery Shop.
 17863 | Orc:3    | Received a gift from Okawaru
 18072 | Orc:4    | Found Ingismurph's Weapon Emporium.
 18104 | Orc:4    | Found Woleicapp's Food Boutique.
 18400 | Orc:3    | Killed an orc warlord
 18400 | Orc:3    | Reached XP level 15. HP: 92/145 MP: 10/21
 18527 | Orc:3    | Received a gift from Okawaru
 18533 | Orc:3    | Reached skill level 5 in Evocations
 18881 | Orc:4    | Bought a pair of glowing boots for 103 gold pieces
 19373 | Lair:7   | Reached skill level 5 in Dodging
 19580 | Lair:8   | Entered Level 8 of the Lair of Beasts
 19954 | Lair:1   | Identified a +2 rod of clouds (11/11) (You found it on level 3 of the Orcish Mines)
 20553 | D:12     | Noticed a tengu reaver
 21071 | D:12     | Killed a tengu reaver
 21071 | D:12     | Reached skill level 17 in Axes
 21241 | D:13     | Found Bsaxt's Bounteous Boutique.
 21263 | D:13     | Got a polished plate armour
 21265 | D:13     | Identified the +1 plate armour of Duty {rElec Int+4 Dex-4 Slay-3} (You found it on level 13 of the Dungeon)
 21425 | D:13     | Received a gift from Okawaru
 21541 | D:13     | Found Fiuzxeby's Antique Weapon Shop.
 21574 | D:13     | Reached skill level 18 in Axes
 21752 | D:13     | Found a gate to the Vaults.
 22064 | D:14     | Reached XP level 16. HP: 145/152 MP: 20/22
 22284 | D:14     | Reached skill level 19 in Axes
 22389 | D:14     | Found Nogh's Magic Scroll Shoppe.
 22393 | D:14     | Bought a scroll of identify for 32 gold pieces
 22393 | D:14     | Bought a scroll of silence for 120 gold pieces
 22393 | D:14     | Bought a scroll of identify for 32 gold pieces
 22446 | D:14     | Noticed Agnes
 22453 | D:14     | Killed Agnes
 22633 | D:15     | Entered Level 15 of the Dungeon
 22662 | D:15     | Received a gift from Okawaru
 22708 | D:15     | Reached skill level 20 in Axes
 23035 | D:15     | Received a gift from Okawaru
 23150 | D:15     | Found an ancient bone altar of Kikubaaqudgha.
 23460 | D:15     | Found a staircase to the Depths.
 23964 | D:14     | You fall through a shaft!
 24357 | Lair:7   | Reached skill level 21 in Axes
 24472 | Lair:7   | Received a gift from Okawaru
 24735 | Lair:8   | Found a staircase to the Slime Pits.
 25017 | Lair:8   | Reached skill level 22 in Axes
 25289 | Lair:8   | Received a gift from Okawaru
 25298 | Lair:8   | Reached XP level 17. HP: 151/160 MP: 21/23
 25890 | Spider:1 | Entered Level 1 of the Spider Nest
 26060 | Spider:1 | Identified the Guide on Clay
 26359 | Spider:1 | Noticed Asterion
 26371 | Spider:1 | Killed Asterion
 27325 | Spider:2 | Received a gift from Okawaru
 28778 | Spider:3 | Received a gift from Okawaru
 29658 | Spider:4 | Entered Level 4 of the Spider Nest
 29658 | Spider:4 | Noticed Nikola
 29693 | Spider:4 | Killed Nikola
 29862 | Spider:3 | Received a gift from Okawaru
 30168 | Spider:4 | Reached XP level 18. HP: 161/170 MP: 24/24
 31971 | Spider:4 | Reached skill level 5 in Throwing
 32403 | Spider:4 | Got a gossamer rune of Zot
 32841 | Lair:1   | Learned a level 3 spell: Regeneration
 32892 | Shoals:1 | Entered Level 1 of the Shoals
 32979 | Shoals:1 | Received a gift from Okawaru
 32982 | Shoals:1 | Reached skill level 23 in Axes
 33210 | Shoals:1 | Found Xahi's Armour Shoppe.
 34142 | Shoals:2 | Received a gift from Okawaru
 34147 | Shoals:2 | HP: 8/172 [poisoned by a sea snake]
 34152 | Shoals:2 | HP: 6/172 [poisoned by a sea snake]
 34157 | Shoals:2 | HP: 5/172 [poisoned by a sea snake]
 34163 | Shoals:2 | HP: 4/172 [poisoned by a sea snake]
 34171 | Shoals:2 | HP: 5/172 [poisoned by a sea snake]
 34179 | Shoals:2 | HP: 6/172 [poisoned by a sea snake]
 34851 | Shoals:2 | Received a gift from Okawaru
 34953 | Shoals:2 | Reached XP level 19. HP: 168/179 MP: 23/26
 34965 | Shoals:2 | Got a jewelled ring mail
 35634 | Shoals:3 | Found Caets's Magic Scroll Emporium.
 35647 | Shoals:3 | Bought a scroll of identify for 28 gold pieces
 35647 | Shoals:3 | Bought a scroll of identify for 28 gold pieces
 35647 | Shoals:3 | Bought a scroll of identify for 28 gold pieces
 35647 | Shoals:3 | Bought a scroll of identify for 28 gold pieces
 35647 | Shoals:3 | Bought a scroll of identify for 28 gold pieces
 36183 | Shoals:4 | Entered Level 4 of the Shoals
 36452 | Shoals:4 | Found Xeelen's Antique Armour Boutique.
 36659 | Shoals:4 | Reached skill level 10 in Evocations
 36734 | Shoals:4 | Noticed Ilsuiw
 36769 | Shoals:3 | Received a gift from Okawaru
 37055 | Shoals:4 | Killed Ilsuiw
 37217 | Shoals:4 | Received a gift from Okawaru
 38157 | Shoals:4 | Got a barnacled rune of Zot
 38347 | Shoals:4 | Found a runed door.
 38449 | Shoals:4 | Got a fine plate armour
 38451 | Shoals:4 | Identified the cursed +0 plate armour of Leaves {Stlth+} (You found it on level 4 of the Shoals)
 38455 | Shoals:4 | Identified the cursed +0 ring mail of Afyta {rCorr Str+3} (You found it on level 2 of the Shoals)
 38796 | Shoals:4 | Bought a warped swamp dragon armour for 1045 gold pieces
 38796 | Shoals:4 | Bought a spiked scale mail for 171 gold pieces
 38797 | Shoals:4 | Identified the +6 swamp dragon armour "Appo" {rPois rC- Str+2 Int+5} (You bought it in a shop on level 4 of the Shoals)
 38801 | Shoals:4 | Identified the +0 scale mail of Fabipigo {rC+} (You bought it in a shop on level 4 of the Shoals)
 38936 | Shoals:1 | Bought a +2 storm dragon armour for 1196 gold pieces
 39174 | Orc:4    | Bought a pair of embroidered gloves for 103 gold pieces
 39326 | Lair:1   | Identified a -1 rod of inaccuracy (13/13) (You took it off a merfolk javelineer on level 4 of the Shoals)
 39504 | Vaults:1 | Entered Level 1 of the Vaults
 40342 | Vaults:1 | Received a gift from Okawaru
 40533 | Vaults:1 | Reached XP level 20. HP: 164/191 MP: 28/28
 41304 | Vaults:1 | Received a gift from Okawaru
 41590 | Vaults:1 | Found Miotess's Assorted Antiques.
 42047 | Vaults:2 | Received a gift from Okawaru
 42050 | Vaults:2 | Got a faintly glowing broad axe {god gift}
 42051 | Vaults:2 | Identified the +1 broad axe "Byizurgh" {drain, rF++ MP+9 Str-2} (Okawaru gifted it to you on level 2 of the Vaults)
 42220 | Vaults:2 | Reached skill level 10 in Dodging
 42581 | Vaults:2 | Found a staircase to the Crypt.
 42814 | Vaults:2 | Noticed Jory
 42826 | Vaults:2 | Killed Jory
 42826 | Vaults:2 | Received a gift from Okawaru
 43610 | Vaults:3 | Noticed Jorgrun
 43616 | Vaults:3 | Killed Jorgrun
 43647 | Vaults:3 | Reached XP level 21. HP: 128/202 MP: 31/31
 45238 | Vaults:4 | Noticed Saint Roka
 45257 | Vaults:4 | Killed Saint Roka
 45257 | Vaults:4 | Received a gift from Okawaru
 45593 | Vaults:4 | Noticed Margery
 45596 | Vaults:4 | Reached skill level 15 in Evocations
 45603 | Vaults:4 | Cast into the Abyss (Margery)
 45761 | Abyss:1  | Found a roughly hewn altar of Beogh.
 45973 | Abyss:1  | Received a gift from Okawaru
 45974 | Abyss:1  | Got a steaming battleaxe {god gift}
 45980 | Abyss:1  | Identified the +7 battleaxe of Omiapec {chop, MR++} (Okawaru gifted it to you on level 1 of the Abyss)
 46244 | Abyss:1  | Found a corrupted altar of Lugonu.
 46811 | Abyss:1  | Found a viscous altar of Jiyva.
 47221 | Abyss:1  | Found a viscous altar of Jiyva.
 47565 | Abyss:1  | Reached XP level 22. HP: 50/211 MP: 13/31
 47666 | Abyss:1  | Found a corrupted altar of Lugonu.
 48001 | Abyss:1  | Received a gift from Okawaru
 48337 | Abyss:1  | Found a corrupted altar of Lugonu.
 48428 | Abyss:1  | Found a corrupted altar of Lugonu.
 48741 | Abyss:1  | Noticed an ancient lich
 48748 | Abyss:1  | Killed an ancient lich
 48800 | Abyss:1  | Found a corrupted altar of Lugonu.
 48925 | Abyss:1  | Received a gift from Okawaru
 48945 | Vaults:4 | Escaped the Abyss
 49291 | Lair:1   | Gained mutation: You can spit weak poison. [potion of beneficial mutation]
 49411 | Elf:1    | Entered Level 1 of the Elven Halls
 49434 | Elf:1    | You are sucked into a shaft!
 49888 | Elf:2    | Found a runed gate.
 49888 | Elf:2    | Found a runed gate.
 49889 | Elf:2    | Found a runed gate.
 50076 | Elf:2    | Received a gift from Okawaru
 50590 | Elf:1    | Found a shimmering altar of Xom.
 50806 | Elf:1    | Found a portal to a secret trove of treasure.
 51354 | Elf:1    | Identified the Catalogue of Black Rituals
 51759 | Elf:3    | Entered Level 3 of the Elven Halls
 52132 | Elf:3    | Received a gift from Okawaru
 52222 | Elf:3    | Reached XP level 23. HP: 184/217 MP: 37/37
 52555 | Elf:3    | HP: 1/217 [deep elf annihilator/crystal spear (48)]
 52555 | Elf:3    | Shot with an arrow by a deep elf master archer

Action                   |  1- 3 |  4- 6 |  7- 9 | 10-12 | 13-15 | 16-18 | 19-21 | 22-24 || total
-------------------------+-------+-------+-------+-------+-------+-------+-------+-------++-------
Melee: War axe           |   108 |   217 |   391 |   997 |  1724 |       |       |       ||  3437
       Hand axe          |       |       |   181 |       |       |       |       |       ||   181
       Battleaxe         |       |       |       |       |   195 |       |    22 |   378 ||   595
       Executioner's axe |       |       |       |       |    99 |  1276 |  1407 |   252 ||  3034
 Fire: Blowgun           |       |     3 |       |       |       |     2 |       |       ||     5
Throw: Stone             |       |    15 |     1 |     6 |       |       |       |       ||    22
       Tomahawk          |       |       |       |       |     2 |    12 |       |       ||    14
       Javelin           |       |       |       |       |       |     4 |       |       ||     4
Invok: Heroism           |       |       |       |     1 |     1 |       |     4 |       ||     6
       Finesse           |       |       |       |       |     1 |       |       |     1 ||     2
Evoke: Wand              |       |       |       |     6 |       |       |     3 |     2 ||    11
       Rod               |       |       |       |       |       |     8 |     5 |     2 ||    15
       Fan of gales      |       |       |       |       |       |       |       |     2 ||     2
  Use: Scroll            |       |       |     5 |    13 |    16 |    14 |    16 |     3 ||    67
       Potion            |       |       |       |       |     1 |       |     6 |     5 ||    12
 Stab: Confused          |       |       |       |       |       |     1 |       |       ||     1
       Petrifying        |       |       |       |       |       |       |     1 |       ||     1
  Eat: Chunk             |     1 |     4 |    10 |    19 |    37 |    38 |    42 |     8 ||   159
       Beef jerky        |       |       |     2 |     2 |       |       |       |     1 ||     5
       Royal jelly       |       |       |     2 |       |       |       |       |       ||     2
       Pizza             |       |       |     1 |       |       |     5 |       |       ||     6
       Fruit             |       |       |       |       |     5 |     5 |       |       ||    10
       Meat ration       |       |       |       |       |       |       |     1 |     1 ||     2
